 Dungeon Crawl Stone Soup version 0.30-a0-986-g7f2e898f52 (webtiles) character file.

Game seed: 14089234288249341368

3437 Lobster4 the Chopper (level 10, -4/86 HPs)
             Began as a Hill Orc Fighter on Apr 1, 2023.
             Slain by a troll (14 damage)
             ... on level 9 of the Dungeon.
             The game lasted 00:19:07 (6781 turns).

Lobster4 the Chopper (Hill Orc Fighter)             Turns: 6781, Time: 00:19:07

Health: -4/86      AC:  0    Str: 22    XL:     10   Next: 5%
Magic:  14/14      EV: 13    Int: 10    God:
Gold:   540        SH:  5    Dex: 10    Spells: 11/15 levels left

rFire   . . .      SeeInvis .    r - melded +7 war axe of Uskayaw's Regard {drain, Dex+3}
rCold   . . .      Faith    .    c - melded +0 buckler
rNeg    . . .      Spirit   .    q - melded +0 steam dragon scales
rPois   .          Reflect  +    n - melded +1 helmet
rElec   .          Rampage  .    E - melded +0 cloak
rCorr   .                        (gloves currently unavailable)
Will    .....                    (boots currently unavailable)
Stlth   +                        s - amulet of reflection
HPRegen 0.34/turn                u - melded +4 ring of slaying
MPRegen 0.14/turn                (ring currently unavailable)

@: about to teleport, pig-form, very quick
A: fast, no casting, small
a: no special abilities


You were on level 9 of the Dungeon.
You were a filthy swine.
You visited 2 branches of the dungeon, and saw 10 of its levels.
You also visited: Ossuary.

You collected 540 gold pieces.

Inventory:

Hand Weapons
 a - a +1 war axe
 b - a +0 sling
 r - the +7 war axe of Uskayaw's Regard (melded) {drain, Dex+3}
   (You found it on level 4 of the Dungeon)

   Dex:       It affects your dexterity (+3).
Missiles
 o - 5 boomerangs
 t - 4 atropa-tipped darts
 y - a curare-tipped dart
 B - 4 poisoned darts
Armour
 c - a +0 buckler (melded)
 h - a +0 scale mail
 j - a +0 ring mail
 n - a +1 helmet (melded)
 q - +0 steam dragon scales (melded)
 E - a +0 cloak (melded)
Magical Staves
 e - a staff of fire
Jewellery
 l - a ring of fire
 s - an amulet of reflection (around neck)
 u - a +4 ring of slaying (melded)
 F - a ring of magical power
Wands
 G - a wand of mindburst (9)
Scrolls
 i - 3 scrolls of immolation
 p - a scroll of enchant weapon
 w - a scroll of enchant armour
 x - 2 scrolls of fog
 H - a scroll of fear {unknown}
 I - a scroll of identify
Potions
 d - a potion of might
 f - 4 potions of curing
 g - a potion of invisibility
 k - a potion of cancellation {unknown}
 m - 2 potions of lignification
 v - a potion of magic
 z - a potion of flight
 A - 2 potions of heal wounds
 D - a potion of resistance
Miscellaneous
 J - a lightning rod (4/4)


   Skills:
 + Level 7.0 Fighting
 + Level 7.2 Axes
 - Level 3.0 Ranged Weapons
 + Level 2.4 Throwing
 + Level 6.6 Armour
 + Level 6.4 Shields
 - Level 3.0 Spellcasting
 + Level 4.0 Conjurations
 + Level 1.8 Hexes
 + Level 4.4 Fire Magic
 + Level 2.7 Evocations


You had 11 spell levels left.
You knew the following spells:

 Your Spells              Type           Power      Damage    Failure   Level
a - Magic Dart            Conj           36%        1d4       5%          1
b - Tukima's Dance        Hex            5%         N/A       38%         3

Your spell library contained the following spells:

 Spells                   Type           Power      Damage    Failure   Level
 Slow                     Hex            20%        N/A       14%         1
 Call Imp                 Summ           1%         N/A       38%         2
 Cigotuvi's Dreadful Rot  Necr/Pois/Air  2%         N/A       38%         2
 Confusing Touch          Hex            5%         N/A       38%         3
 Mephitic Cloud           Conj/Pois/Air  4%         N/A       43%         3
 Portal Projectile        Hex/Tloc       6%         N/A       52%         3
 Vampiric Draining        Necr           1%         2d6       63%         3
 Cause Fear               Hex            2%         N/A       80%         4
 Dispel Undead            Necr           1%         3d6       95%         4
 Manifold Assault         Tloc           1%         N/A       95%         4
 Blade Hands              Tmut           0%         N/A       100%        5
 Death Channel            Necr           0%         N/A       100%        6
 Dispersal                Tloc           0%         N/A       100%        6
 Dragon Form              Tmut           0%         N/A       100%        7
 Disjunction              Tloc           0%         N/A       100%        8
 Dragon's Call            Summ           0%         N/A       100%        9


Dungeon Overview and Level Annotations

Branches:
Dungeon (8/15)             Temple (1/1) D:4             Orc (0/2) D:9
Ossuary (visited)
   Lair: D:8-11

Altars:
Ashenzari
Cheibriados
Dithmenos
Elyvilon
Fedhas
Hepliaklqana
Kikubaaqudgha
Makhleb
Nemelex Xobeh
Okawaru
Qazlal
Ru
Sif Muna
Vehumet
Wu Jian
Xom
Yredelemnul
Zin
The Shining One

Shops:
D:3 (   D:6 :

Annotations:
D:7 1 runed translucent door, IdlyInterested's ghost, novice DsGl


Message History

The arrow hits the centaur!
A troll comes into view.
The troll shouts!
The centaur shoots an arrow.
You reflect the arrow off an invisible shield around you!
The arrow closely misses the centaur.
The centaur shoots an arrow.
The arrow hits you.
You see here 15 gold pieces.
The centaur zaps a wand.
You easily resist.
The centaur zaps a wand.
You turn into a filthy swine.
The +7 war axe of Uskayaw's Regard {drain, Dex+3} melds into your body.
Your +0 cloak melds into your body.
Your +1 helmet melds into your body.
Your +0 buckler melds into your body.
Your +0 steam dragon scales melds into your body.
Your +4 ring of slaying melds into your body.
The centaur shoots an arrow.
The arrow hits you.
The centaur shoots an arrow.
You reflect the arrow off an invisible shield around you!
The arrow hits the centaur!
You kill the centaur!
The troll closely misses you. The troll barely misses you. The troll claws you!
You bite the troll!
The troll is lightly wounded.
The troll bites you. The troll claws you. You block the troll's attack.
You closely miss the troll.
The troll is lightly wounded.
The troll bites you. The troll claws you! x2
You closely miss the troll.
The troll is lightly wounded.
The troll completely misses you. The troll claws you!
* * * LOW HITPOINT WARNING * * *
The troll completely misses you.
It was a potion of heal wounds.
You feel much better. The troll bites you!
* * * LOW HITPOINT WARNING * * *
The troll closely misses you. x2
As you read the scroll of teleportation, it crumbles to dust.
You feel strangely unstable. The troll bites you!
* * * LOW HITPOINT WARNING * * *
The troll closely misses you. The troll claws you!
You die...

# #.##......###
# #.##.####....
# #............#
.
####...#..##.#..
##..#...T ..
#..##.##.#
#.....[...
##.##T##.#
#$..h.).#
#########


You could see a troll.

Vanquished Creatures
  An ugly thing (D:7)
  Sigmund (D:2)
  2 steam dragons (D:7)
  Menkaure (D:4)
  A water moccasin (D:7)
  3 orc warriors
  An ice beast (D:7)
  2 sky beasts
  3 ogres
  3 centaurs
  3 phantoms
  A kobold brigand (D:6)
  4 wights (D:9)
  2 centaur zombies (Ossuary)
  2 hounds
  A jelly (D:5)
  A human zombie (Ossuary)
  An orc priest (D:7)
  A gnoll bouda (D:5)
  8 orc wizards
  Natasha (thrice) (D:4)
  4 iguanas
  2 mummies (Ossuary)
  Robin (D:2)
  3 gnolls (D:5)
  An adder (D:3)
  2 shadow imps
  A white imp (D:7)
  An ufetubus (D:5)
  A worm (D:4)
  3 dart slugs
  21 orcs
  9 ball pythons
  3 bats
  6 endoplasms
  10 giant cockroaches
  13 goblins
  6 hobgoblins
  8 kobolds
  4 quokkas
  3 frilled lizards
  3 gnoll zombies (Ossuary)
  4 goblin zombies (Ossuary)
  3 hobgoblin zombies (Ossuary)
  An orc zombie (Ossuary)
  3 rats
161 creatures vanquished.

Vanquished Creatures (others)
  An orc wizard (D:9)
  6 fungi (D:4)
7 creatures vanquished.

Grand Total: 168 creatures vanquished

Notes
Turn   | Place    | Note
-------+----------+-------------------------------------------
     0 | D:1      | Lobster4 the Hill Orc Fighter began the quest for the Orb.
     0 | D:1      | Reached XP level 1. HP: 19/19 MP: 1/1
   148 | D:1      | Reached XP level 2. HP: 21/27 MP: 2/2
   657 | D:2      | Reached XP level 3. HP: 24/33 MP: 3/3
   721 | D:2      | Noticed Sigmund
   749 | D:2      | Killed Sigmund
   750 | D:2      | Reached skill level 1 in Ranged Weapons
   750 | D:2      | Reached XP level 4. HP: 20/41 MP: 4/4
   750 | D:2      | Reached XP level 5. HP: 22/47 MP: 5/5
  1132 | D:2      | Noticed Robin
  1150 | D:2      | Killed Robin
  1227 | D:2      | Reached XP level 6. HP: 53/53 MP: 6/6
  1363 | D:3      | Learned a level 1 spell: Magic Dart
  1865 | D:3      | Found Oxzet's Weapon Emporium.
  2447 | D:4      | Identified the +7 war axe of Uskayaw's Regard {drain,
                  | Dex+3}
  2528 | D:4      | Noticed Menkaure
  2535 | D:4      | Killed Menkaure
  2536 | D:4      | Reached skill level 5 in Fighting
  2536 | D:4      | Reached skill level 1 in Conjurations
  2536 | D:4      | Reached skill level 1 in Fire Magic
  2536 | D:4      | Reached XP level 7. HP: 14/61 MP: 1/8
  2829 | D:4      | Found a staircase to the Ecumenical Temple.
  2840 | Temple   | Entered the Ecumenical Temple
  3232 | D:4      | Noticed Natasha
  3239 | D:4      | Killed Natasha
  3240 | D:4      | Reached skill level 1 in Spellcasting
  3394 | D:4      | Found a staircase to the Ecumenical Temple.
  3498 | D:4      | Noticed Natasha
  3502 | D:4      | Killed Natasha
  3795 | D:4      | Noticed Natasha
  3799 | D:4      | Killed Natasha
  3803 | D:5      | Entered Level 5 of the Dungeon
  3924 | D:5      | Reached skill level 5 in Axes
  3933 | D:5      | Reached skill level 5 in Armour
  4082 | D:5      | Reached skill level 5 in Shields
  4082 | D:5      | Reached XP level 8. HP: 69/69 MP: 7/10
  4404 | D:5      | Found a snail-covered altar of Cheibriados.
  4412 | D:5      | Found a hazy altar of Hepliaklqana.
  4515 | D:6      | Found Acyur's Book Shop.
  4559 | D:6      | Found a sand-covered staircase.
  4611 | Ossuary  | Entered an ossuary
  5154 | D:6      | Found a sparkling altar of Nemelex Xobeh.
  5425 | D:7      | Reached XP level 9. HP: 51/75 MP: 12/12
  5432 | D:7      | Reached skill level 1 in Evocations
  5443 | D:7      | Reached skill level 1 in Throwing
  5624 | D:7      | Noticed IdlyInterested's ghost (novice DsGl)
  5625 | D:7      | Found a runed translucent door.
  5984 | D:7      | Learned a level 3 spell: Tukima's Dance
  6042 | D:7      | Noticed a cyan ugly thing
  6059 | D:7      | Killed a cyan ugly thing
  6360 | D:7      | Reached skill level 1 in Hexes
  6450 | D:8      | You fall into a shaft and drop 1 floor!
  6518 | D:9      | Reached XP level 10. HP: 33/86 MP: 14/14
  6680 | D:9      | Found a staircase to the Orcish Mines.
  6781 | D:9      | Slain by a troll

Illustrated notes

Levels and vault maps discovered:
D:1:      eino_arrival_cavern_c, layout_basic, minmay_tromino_v4_b
D:2:      layout_basic, minmay_misc_feat_secret_circle, uniq_sigmund, uniq_robin
D:3:      minmay_spotlight, layout_basic, serial_shops, shop
D:4:      nicolae_BIG_FREAKIN_CUBE, layout_rooms,
          minmay_temple_entry_stoned_glass, serial_aquarium,
          aquarium_bridge_square [aquarium_subvault_bridge,
          aquarium_subvault_bridge, aquarium_subvault_window,
          aquarium_subvault_bridge], aquarium_window_corridor_1,
          aquarium_window_corner, aquarium_view_2d, aquarium_view_2d,
          aquarium_balcony_double_2, aquarium_pool_S, uniq_natasha,
          uniq_menkaure
D:5:      layout_basic, amethyst_overflow_temple_binary
D:6:      layout_gridville, nemelex_diamond_rough_becter,
          nicolae_ossuary_entry_plus, serial_shops, kennysheep_little_box
D:7:      layout_loops_ring, hellmonk_ghost_happy_afterlife
D:8:      layout_rooms, nicolae_overflow_crystal_walls,
          mainiacjoe_overflow_alcove_1, lair_entry_dummy, minmay_circle_x,
          uniq_prince_ribbit1, uniq_maurice
D:9:      layout_basic, erik_orc_3, enter_bailey_5
Temple:   nicolae_temple_elliptical

Skill      XL: |  1  2  3  4  5  6  7  8  9 |
---------------+----------------------------+-----
Axes           | 3 4 5 6 7 |  7.2
Fighting       | 4 5 6 7 |  7.0
Ranged Weapons | 1 2 3 |  3.0
Armour         | 4 5 6 |  6.6
Shields        | 4 5 6 |  6.4
Conjurations   | 1 2 3 4 |  4.0
Fire Magic     | 1 2 3 4 |  4.4
Spellcasting   | 1 2 3 |  3.0
Evocations     | 2 |  2.7
Throwing       | 2 |  2.4
Hexes          | 1 |  1.8

Action                     |  1- 3 |  4- 6 |  7- 9 | 10-12 || total
---------------------------+-------+-------+-------+-------++-------
  Melee: War axe           |    62 |    99 |   154 |     5 ||   320
         Unarmed           |       |       |       |     3 ||     3
   Fire: Sling             |    37 |    46 |       |       ||    83
  Throw: Dart              |       |       |     7 |       ||     7
    Use: Scroll            |     1 |    10 |     9 |     1 ||    21
         Potion            |     1 |     1 |     2 |     1 ||     5
 Armour: Scale mail        |    41 |    55 |    58 |       ||   154
         Steam dragon scal |       |       |    12 |     2 ||    14
  Dodge: Dodged            |    53 |    45 |    51 |     7 ||   156
  Block: Buckler           |    16 |    34 |    59 |     3 ||   112
         Reflection        |       |       |     4 |     4 ||     8
         Other             |       |       |       |     2 ||     2

Table legend: (Time is in decaauts)
 A = Elapsed time spent in this place.
 B = Non-inter-level travel time spent in this place.
 C = Inter-level travel time spent in this place.
 D = Time resting spent in this place.
 E = Time spent auto-exploring this place.
 F = Levels seen in this place.
 G = Mean time per level.
                   A        B        C        D        E       F      G
               +--------+--------+--------+--------+--------+-----+--------+
         Total |   6905 |   6693 |    212 |    546 |   4798 |  11 |  627.7 |
       Dungeon |   6561 |   6375 |    186 |    505 |   4592 |   9 |  729.0 |
        Temple |    163 |    137 |     26 |      0 |    121 |   1 |  163.0 |
       Ossuary |    180 |    180 |      0 |     41 |     85 |   1 |  180.0 |
               +--------+--------+--------+--------+--------+-----+--------+

Top non-repeatable levels by time:
     D:4: 1358 daAuts
     D:7: 1070 daAuts
     D:3: 1039 daAuts
     D:6: 763 daAuts
     D:2: 710 daAuts
     D:1: 643 daAuts
     D:5: 640 daAuts
     D:9: 335 daAuts
 Ossuary: 180 daAuts
  Temple: 163 daAuts
